 Dungeon Crawl Stone Soup version 0.24-a0-489-g1c7b743a30 (webtiles) character file.

Game seed: 709046458312420388

42844 KristoblXynda the Carver (level 13, -17/113 HPs)
             Began as a White Draconian Gladiator on July 11, 2019.
             Was an Initiate of Gozag.
             Killed from afar by Josephine (27 damage)
             ... with a ghostly fireball
             ... on level 14 of the Dungeon.
             The game lasted 00:32:41 (17185 turns).

KristoblXynda the Carver (DrGl)                    Turns: 17185, Time: 00:32:42

Health: -17/113    AC: 19    Str: 17    XL:     13   Next: 87%
Magic:  20/20      EV: 18    Int: 13    God:    Gozag
Gold:   3745       SH:  9    Dex: 13    Spells: 18/21 levels left

rFire    . . .     SeeInvis +   L - +5 long sword (protect)
rCold    + . .     Gourm    .   f - +2 buckler
rNeg     . . .     Faith    .   (armour unavailable)
rPois    .         Spirit   .   F - +0 mask of the Dragon {MR+ Slay+3 SInv}
rElec    .         Reflect  +   (no cloak)
rCorr    .         Harm     .   C - +1 pair of gloves
MR       +....                  v - +1 pair of boots
Stlth    +.........             D - +3 amulet of reflection
HPRegen  0.28/turn              w - +2 ring of evasion
MPRegen  0.17/turn              x - +5 ring of slaying

@: gold aura, protection aura, heavily drained
A: breathe frost, unfitting armour, cold resistance 1, cold-blooded, AC +8
a: Breathe Frost, Potion Petition, Call Merchant, Bribe Branch, Renounce
Religion


You were on level 14 of the Dungeon.
You worshipped Gozag.
Gozag was most pleased with you.
You were not hungry.

You visited 3 branches of the dungeon, and saw 17 of its levels.
You also visited: Bailey.

You collected 4317 gold pieces.
You spent 513 gold pieces at shops.
You paid 59 gold pieces to Gozag.

Inventory:

Hand Weapons
 b - a +2 long sword of draining
 L - a +5 long sword of protection (weapon)
 Q - a +3 long sword
Missiles
 c - 11 throwing nets (quivered)
Armour
 f - a +2 buckler (worn)
 v - a +1 pair of boots (worn)
 C - a +1 pair of gloves (worn)
 F - the +0 mask of the Dragon (worn) {MR+ Slay+3 SInv}
   (You found it on level 6 of the Dungeon)

   It affects your accuracy and damage with ranged weapons and melee attacks
   (+3).
   It affects your resistance to hostile enchantments.
   It lets you see invisible.
Jewellery
 w - a +2 ring of evasion (left hand)
 x - a +5 ring of slaying (right hand)
 D - a +3 amulet of reflection (around neck)
Wands
 M - a wand of digging (14)
Scrolls
 h - a scroll of fog
 i - 6 scrolls of remove curse
 j - 5 scrolls of teleportation
 q - 5 scrolls of magic mapping
 r - 5 scrolls of enchant weapon
 s - a scroll of fear
 y - a scroll of enchant armour
 H - 4 scrolls of immolation
 O - 2 scrolls of amnesia
Potions
 e - 6 potions of heal wounds
 g - 12 potions of curing
 k - 3 potions of might
 l - 3 potions of agility
 m - 3 potions of flight
 n - a potion of magic
 p - 5 potions of lignification
 t - 4 potions of haste
 u - 2 potions of brilliance
 A - a potion of ambrosia
 E - a potion of cancellation
 I - a potion of invisibility
Miscellaneous
 a - a phantom mirror
Comestibles
 d - 17 rations


   Skills:
 - Level 10.1(7.1) Fighting
 + Level 14.0(10.7) Long Blades
 - Level 2.0(0.0) Throwing
 + Level 11.3(8.3) Dodging
 - Level 4.3(1.8) Shields
 + Level 4.8(2.3) Spellcasting
 + Level 4.1(1.6) Hexes
 - Level 10.2(7.2) Evocations


You had 18 spell levels left.
You knew the following spells:

 Your Spells              Type           Power        Failure   Level  Hunger
a - Tukima's Dance        Hex            #.......     43%         3    ###....

Your spell library contained the following spells:

 Spells                   Type           Power        Failure   Level  Hunger
 Corona                   Hex            #......      16%         1    #......
 Beastly Appendage        Tmut           #.....       32%         1    #......
 Shock                    Conj/Air       #...         32%         1    #......
 Sting                    Conj/Pois      #...         32%         1    #......
 Ensorcelled Hibernation  Hex/Ice        #.....       34%         2    ###....
 Confuse                  Hex            #.......     43%         3    ###....
 Poisonous Vapours        Pois/Air       #.....       45%         2    ###....
 Sticks to Snakes         Tmut           #.......     45%         2    ###....
 Swiftness                Chrm/Air       #.......     45%         2    ###....
 Dazzling Spray           Conj/Hex       #.....       56%         3    ###....
 Mephitic Cloud           Conj/Pois/Air  #.......     69%         3    ###....
 Spider Form              Tmut/Pois      #.........   69%         3    ###....
 Static Discharge         Conj/Air       #.......     69%         3    ###....
 Airstrike                Air            #.........   97%         4    #####..
 Ice Form                 Ice/Tmut       #.......     97%         4    #####..
 Olgreb's Toxic Radiance  Pois           #.......     97%         4    #####..
 Blade Hands              Tmut           #.........   100%        5    ######.
 Lightning Bolt           Conj/Air       #.........   100%        5    ######.
 Venom Bolt               Conj/Pois      #.........   100%        5    ######.


Dungeon Overview and Level Annotations

Branches:
Dungeon (15/15)            Temple (1/1) D:5            Lair (1/6) D:10
    Orc (0/2) D:11         Vaults (0/5) D:13
 Depths: D:15

Altars:
Ashenzari
Cheibriados
Dithmenos
Elyvilon
Fedhas
Gozag
Hepliaklqana
Kikubaaqudgha
Makhleb
Nemelex Xobeh
Okawaru
Qazlal
Ru
Sif Muna
Trog
Uskayaw
Vehumet
Wu Jian
Xom
Yredelemnul
Zin
The Shining One

Shops:
D:4 *   D:6 [   D:9 *   D:11 !

Annotations:
D:14 Josephine


Innate Abilities, Weirdness & Mutations

You can breathe waves of freezing cold.
You can buffet flying creatures when you breathe cold.
Your icy white scales are hard. (AC +8)
You cannot fit into any form of body armour.
Your flesh is cold resistant. (rC+)
You are cold-blooded and may be slowed by cold attacks.


Message History

The ghostly fireball engulfs the wraith.
The wraith completely resists.
The ghostly fireball engulfs Josephine.
Josephine completely resists.
The ghostly fireball engulfs you!!
You feel drained.
* * * LOW HITPOINT WARNING * * *
You hit the wraith but do no damage.
The wraith is lightly damaged.
The wraith closely misses you.
You riposte.
You hit the wraith.
Your tail-slap misses the wraith.
The wraith is moderately damaged.
Josephine casts a spell at you.
The ghostly flame explodes!
The ghostly fireball engulfs the wraith.
The wraith completely resists.
The ghostly fireball engulfs the wraith.
The wraith completely resists.
The ghostly fireball engulfs Josephine.
Josephine completely resists.
The ghostly fireball engulfs you!!
You feel drained.
You die...
Your body crumbles into a pile of gold.

.......+ #.........#
.>.....# #.........#
..)....# #..^......# .
.......# #.....W...# #..
.......# W.W.......#...#
###'#### #.........H.#
#...# #.....W@..# [.###
#W# ### #@# # #.# # #.##
###### #..#
.....############.##
.....'.............#
.....############.....^.
$ .....# #.###### .....#
#.#


You could see Josephine and 3 wraiths.

Vanquished Creatures
  A vault guard (D:13)
  6 hydras
  7 two-headed ogres
  3 centaur warriors
  3 death yaks (D:10)
  3 tengu warriors
  Urug (D:12)
  2 unseen horrors
  A wizard (D:12)
  A wolf spider zombie (D:12)
  2 ugly things
  4 cyclopes
  2 manticores
  4 centaur zombies
  2 spiny frogs (Lair:1)
  A gargoyle (D:12)
  A kobold demonologist (D:14)
  A komodo dragon (Lair:1)
  8 trolls
  A queen bee (D:10)
  A tengu conjurer (D:14)
  9 hippogriffs
  5 slime creatures (D:14)
  A centaur simulacrum (D:10)
  A redback (D:12)
  A vampire (D:14)
  2 shadows
  2 wraiths
  4 yaks (D:11)
  5 hungry ghosts
  Menkaure (D:7)
  A soldier ant (D:12)
  Edmund (D:6)
  2 water moccasins
  2 porcupines (Lair:1)
  An eye of draining (D:13)
  3 necrophages
  4 ice beasts
  3 black bears
  10 orc warriors
  12 ogres
  4 phantoms
  2 centaurs
  5 sky beasts
  5 wolves (Lair:1)
  A crocodile (Lair:1)
  2 big kobolds
  10 bullfrogs
  8 gnoll sergeants
  6 scorpions
  42 killer bees
  8 wights
  10 howler monkeys
  An electric eel (D:10)
  7 crimson imps
  2 bullfrog zombies
  4 jellies
  A quasit (D:9)
  2 bullfrog skeletons
  7 orc priests
  4 gnoll shamans (Bailey)
  7 hounds
  7 centaur skeletons
  3 iguanas
  Ijyb (D:5)
  Terence (D:2)
  Natasha (D:3)
  11 orc wizards
  A hell rat (D:10)
  8 worker ants
  A killer bee zombie (D:9)
  2 hound zombies
  A hound skeleton (D:11)
  4 worker ant zombies
  22 gnolls
  19 adders
  4 shadow imps
  7 oozes
  2 dart slugs
  3 worms
  3 leopard geckos
  41 orcs
  10 bats
  6 giant cockroaches
  12 goblins
  7 hobgoblins
  7 jackals
  7 quokkas
  3 ball pythons
  6 frilled lizards
  A jackal zombie (D:8)
  13 kobolds
  4 leopard gecko skeletons
  A quokka zombie (D:8)
  10 rats
492 creatures vanquished.

Vanquished Creatures (collateral kills)
  A big kobold (D:6)
  A gnoll sergeant (Bailey)
  2 gnoll shamans (Bailey)
4 creatures vanquished.

Vanquished Creatures (others)
  A gnoll sergeant (Bailey)
  An orc (D:10)
2 creatures vanquished.

Grand Total: 498 creatures vanquished

Notes
Turn   | Place    | Note
-------+----------+-------------------------------------------
     0 | D:1      | KristoblXynda the Draconian Gladiator began the quest for
                  | the Orb.
     0 | D:1      | Reached XP level 1. HP: 17/17 MP: 1/1
   136 | D:1      | Reached XP level 2. HP: 17/25 MP: 2/2
   954 | D:1      | Reached XP level 3. HP: 30/30 MP: 3/3
  1292 | D:2      | Noticed Terence
  1306 | D:2      | Killed Terence
  1306 | D:2      | Reached skill level 1 in Shields
  1306 | D:2      | Reached XP level 4. HP: 31/37 MP: 4/4
  1567 | D:2      | Reached skill level 4 in Long Blades
  1727 | D:2      | Found a glowing silver altar of Zin.
  2085 | D:3      | Found a faded altar of an unknown god.
  2315 | D:3      | Noticed an ogre
  2407 | D:3      | Killed an ogre
  2407 | D:3      | Reached XP level 5. HP: 45/45 MP: 5/5
  2657 | D:3      | Noticed Natasha
  2664 | D:3      | Killed Natasha
  2719 | D:3      | Reached XP level 6. HP: 40/51 MP: 6/6
  2914 | D:4      | Reached skill level 5 in Long Blades
  3294 | D:4      | Found Vyetyese's Assorted Antiques.
  3297 | D:4      | Bought a bone ring for 145 gold pieces
  3393 | D:4      | Your scales start taking on an icy white colour.
  3393 | D:4      | Reached XP level 7. HP: 59/59 MP: 7/7
  3393 | D:4      | Gained mutation: Your flesh is cold resistant. (rC+) [White
                  | Draconian growth]
  3482 | D:4      | Found a shattered altar of Ashenzari.
  3482 | D:4      | Found a sacrificial altar of Ru.
  3972 | D:5      | Entered Level 5 of the Dungeon
  4053 | D:5      | Reached skill level 6 in Long Blades
  4053 | D:5      | Reached skill level 1 in Evocations
  4095 | D:5      | Noticed Ijyb
  4109 | D:5      | Killed Ijyb
  4156 | D:5      | Reached XP level 8. HP: 24/67 MP: 9/9
  4877 | D:5      | Found a staircase to the Ecumenical Temple.
  4989 | Temple   | Entered the Ecumenical Temple
  5058 | Temple   | Became a worshipper of Gozag Ym Sagoz the Greedy
  5131 | D:6      | Reached skill level 7 in Long Blades
  5138 | D:6      | Reached skill level 5 in Dodging
  5460 | D:6      | Reached skill level 8 in Long Blades
  5702 | D:6      | Found Ehoib's Antique Armour Emporium.
  5866 | D:6      | Reached XP level 9. HP: 71/71 MP: 11/11
  5961 | D:6      | Noticed Edmund
  5970 | D:6      | Killed Edmund
  6055 | D:6      | Found the +0 mask of the Dragon {MR+ Slay+3 SInv}
  6554 | D:6      | Reached skill level 9 in Long Blades
  6913 | D:7      | Noticed Menkaure
  6921 | D:7      | Killed Menkaure
  6933 | D:7      | Reached skill level 5 in Evocations
  7053 | D:7      | Found a blossoming altar of Fedhas.
  7053 | D:7      | Found a deep blue altar of Sif Muna.
  7807 | D:8      | Reached skill level 10 in Long Blades
  8101 | D:8      | Reached XP level 10. HP: 76/79 MP: 14/14
  8554 | D:9      | Found Doiropuole's Assorted Antiques.
  8569 | D:9      | Bought a pitted tin ring for 130 gold pieces
  8580 | D:9      | Identified the ring "Duddey" {Fire MR+} (You bought it in a
                  | shop on level 9 of the Dungeon)
  8594 | D:9      | Noticed a two-headed ogre
  8602 | D:9      | Killed a two-headed ogre
  8614 | D:9      | Found a flagged portal.
  8629 | D:9      | Reached skill level 11 in Long Blades
  8644 | Bailey   | Entered a bailey
  9278 | D:9      | Reached skill level 5 in Fighting
  9663 | D:9      | Found a shadowy altar of Dithmenos.
  9926 | D:10     | Entered Level 10 of the Dungeon
  9926 | D:10     | Noticed an unseen horror
  9935 | D:10     | Killed an unseen horror
  9935 | D:10     | Reached XP level 11. HP: 88/88 MP: 16/16
  9960 | D:10     | Learned a level 3 spell: Tukima's Dance
 10369 | D:10     | Found a staircase to the Lair.
 10369 | D:10     | Noticed a death yak
 10369 | D:10     | Noticed a death yak
 10389 | D:10     | Noticed a death yak
 10395 | D:10     | Killed a death yak
 10406 | D:10     | Killed a death yak
 10408 | D:10     | Killed a death yak
 10934 | D:10     | Reached skill level 12 in Long Blades
 11168 | D:11     | Noticed a two-headed ogre
 11175 | D:11     | Killed a two-headed ogre
 11301 | D:11     | Noticed a two-headed ogre
 11306 | D:11     | Killed a two-headed ogre
 11312 | D:11     | Reached XP level 12. HP: 42/101 MP: 18/18
 11677 | D:11     | Found Ugodd's Distillery.
 11698 | D:11     | Bought a potion of heal wounds for 85 gold pieces
 11698 | D:11     | Bought a potion of lignification for 51 gold pieces
 11698 | D:11     | Bought a potion of curing for 51 gold pieces
 11698 | D:11     | Bought a potion of curing for 51 gold pieces
 11723 | D:11     | Noticed a tengu warrior
 11740 | D:11     | Killed a tengu warrior
 12286 | D:11     | Noticed an eight-headed hydra
 12295 | D:11     | Killed a 14-headed hydra
 12325 | D:11     | Found a staircase to the Orcish Mines.
 12687 | D:12     | Noticed a two-headed ogre
 12693 | D:12     | Killed a two-headed ogre
 12693 | D:12     | Reached skill level 10 in Dodging
 12840 | D:12     | Noticed a centaur warrior
 12845 | D:12     | Killed a centaur warrior
 12880 | D:12     | Noticed a two-headed ogre
 12885 | D:12     | Killed a two-headed ogre
 12885 | D:12     | Reached skill level 10 in Evocations
 12896 | D:12     | Noticed a six-headed hydra
 12907 | D:12     | Killed an 11-headed hydra
 12907 | D:12     | Reached skill level 13 in Long Blades
 12953 | D:12     | Noticed a centaur warrior
 12961 | D:12     | Killed a centaur warrior
 13035 | Lair:1   | Entered Level 1 of the Lair of Beasts
 13119 | Lair:1   | Noticed a five-headed hydra
 13132 | Lair:1   | Killed a 12-headed hydra
 13132 | Lair:1   | Reached skill level 1 in Spellcasting
 13490 | Lair:1   | Noticed an eight-headed hydra
 13498 | Lair:1   | Killed a ten-headed hydra
 13498 | Lair:1   | Reached XP level 13. HP: 77/113 MP: 20/20
 14293 | D:12     | Reached skill level 10 in Fighting
 14319 | D:12     | Noticed Urug
 14861 | D:12     | Killed Urug
 14869 | D:12     | Reached skill level 1 in Hexes
 15365 | D:13     | Found a shattered altar of Ashenzari.
 15976 | D:13     | Found a gate to the Vaults.
 16882 | D:14     | You fall into a shaft and drop 1 floor!
 16882 | D:15     | Entered Level 15 of the Dungeon
 17176 | D:14     | Noticed Josephine
 17182 | D:14     | Reached skill level 14 in Long Blades
 17185 | D:14     | Killed from afar by Josephine

Levels and vault maps discovered:
D:1:      sevenhm_arrival_forest_fort_small_3, layout_basic,
          minmay_three_crescents
D:2:      layout_rooms, marbit_many_paths, first_ration, minmay_domino_4,
          uniq_terence
D:3:      layout_loops_ring, chequers_ecumenical_altar_simple_redux,
          serial_glass, glass_columns_a, glass_columns_a, uniq_natasha
D:4:      layout_cave_pods, gammafunk_temple_overflow_elements, serial_shops,
          kennysheep_mini_moat, minmay_misc_feat_alley, serial_bayou_pond_d
D:5:      layout_loops_cross, temple_hall, uniq_ijyb
D:6:      layout_basic, serial_shops, nicolae_shop_overgrown_old_shop,
          uniq_edmund
D:7:      layout_rooms, gammafunk_temple_overflow_wave, uniq_menkaure
D:8:      minmay_razor_zed, layout_loops_ring, hangedman_little_slice_of_home
D:9:      layout_basic, nicolae_overflow_hidden_temple, enter_bailey_3,
          serial_shops, shop
D:10:     layout_basic, dpeg_lair_monsters, special_room [special_room_bee],
          minmay_misc_feat_encased
D:11:     layout_loops_ring, kennysheep_orc_monster_closet_entryway,
          serial_shops, shop
D:12:     minmay_inside_and_out, layout_cave_pools,
          chequers_serial_rivers_small_b, kennysheep_generic_room_4, uniq_urug
D:13:     layout_gridville, david_vaults_5, ashenzari_altar_1
D:14:     layout_roguey, serial_park_tiny_pond, uniq_josephine
D:15:     hangedman_depths_entry_try_elsewhere_first, layout_stronghold,
          solitary_fountain, small_chamber_with_monster
Temple:   kb_temple_of_zot
Lair:1:   layout_regular_city, minivault_24, grunt_megastairs_3,
          lemuel_fruit_tree, infiniplex_staircase_pool_2

Skill      XL: |  1  2  3  4  5  6  7  8  9 10 11 12 13 |
---------------+----------------------------------------+-----
Throwing       | 2 |  2.0
Dodging        | 3 4 5 6 8 9 10 11 | 11.3
Shields        | 1 2 3 4 |  4.3
Fighting       | 3 4 5 7 9 10 | 10.1
Long Blades    | 4 5 6 8 10 11 12 13 14 | 14.0
Evocations     | 1 3 5 7 8 10 | 10.2
Spellcasting   | 1 4 |  4.8
Hexes          | 4 |  4.1

Action                   |  1- 3 |  4- 6 |  7- 9 | 10-12 | 13-15 || total
-------------------------+-------+-------+-------+-------+-------++-------
Melee: Long sword        |    92 |   154 |   370 |   567 |   299 ||  1482
       Tailslap          |    15 |    24 |    55 |    98 |    61 ||   253
Throw: Throwing net      |       |       |       |       |     2 ||     2
 Abil: Evoke Berserk Rag |       |     2 |       |       |       ||     2
       Breathe Frost     |       |       |     5 |     7 |     4 ||    16
Evoke: Wand              |       |     2 |     4 |    25 |     2 ||    33
  Use: Scroll            |       |     5 |    15 |     6 |     7 ||    33
       Potion            |       |       |     1 |     2 |       ||     3
 Stab: Paralysed         |       |       |    13 |    29 |       ||    42
       Sleeping          |       |       |     1 |     1 |       ||     2
       Distracted        |       |       |       |     2 |     3 ||     5
  Eat: Chunk             |     1 |     6 |     1 |       |       ||     8
       Ration            |       |     1 |     5 |     6 |     4 ||    16
Armor: Skin              |    27 |    46 |    74 |   132 |    64 ||   343
Dodge: Dodged            |    61 |   130 |   193 |   381 |   177 ||   942
Block: Buckler           |    26 |    65 |   129 |   317 |   124 ||   661
       Reflection        |       |       |     3 |    10 |     1 ||    14
       Rpst.: Long sword |    25 |    47 |    57 |   100 |    39 ||   268

Table legend:
 A = Non-vault XP
 B = Vault XP
 C = Vault XP percentage of total XP
 D = Non-vault monster count
 E = Vault monster count
 F = Vault count percentage of total count
                 A         B        C        D         E       F
            +---------+---------+-------+---------+---------+-------
      Total |   42546 |   18661 |  30.5 |     367 |     129 |  26.0
            +---------+---------+-------+---------+---------+-------
        D:1 |      37 |       9 |  19.6 |      22 |       6 |  21.4
        D:2 |      58 |      44 |  43.1 |      17 |       4 |  19.0
        D:3 |     221 |      35 |  13.7 |      25 |       1 |   3.8
        D:4 |     473 |       0 |   0.0 |      23 |       0 |   0.0
        D:5 |     846 |      36 |   4.1 |      21 |       1 |   4.5
        D:6 |    1701 |     162 |   8.7 |      37 |       1 |   2.6
        D:7 |     719 |     169 |  19.0 |      25 |       1 |   3.8
        D:8 |    1073 |     647 |  37.6 |      28 |      15 |  34.9
        D:9 |    3306 |       7 |   0.2 |      26 |       4 |  13.3
       D:10 |    3299 |    4369 |  57.0 |      35 |      28 |  44.4
       D:11 |    9312 |    1796 |  16.2 |      34 |      20 |  37.0
       D:12 |    4532 |    7363 |  61.9 |      24 |      13 |  35.1
       D:13 |    3357 |    1772 |  34.5 |       8 |       5 |  38.5
       D:14 |    9654 |       0 |   0.0 |      25 |       0 |   0.0
     Lair:1 |    3958 |    1053 |  21.0 |      17 |       1 |   5.6
     Bailey |       0 |    1199 | 100.0 |       0 |      29 | 100.0
            +---------+---------+-------+---------+---------+-------
